PR
OGALLALA OCTOPI @ MEMPHIS MUSIC
07/12/2033
 
TOP OF THE 1ST
Ogallala Octopi batting - Pitching for Memphis Music : RHP Jon Murillo
Pitching: RHP Jon Murillo
Batting: RHB Mike Moss 0-0: Ball
1-0: Swinging Strike
1-1: Ball
2-1: Swinging Strike
2-2: Strikes out looking
Batting: SHB Jorge Díaz 0-0: Called Strike
0-1: Fly out, F8 (Flyball, 8LS)
Batting: SHB Milojica Kordic 0-0: Called Strike
0-1: Ball
1-1: Ball
2-1: Ball
3-1: Fly out, F7 (Line Drive, 7LM)
Top of the 1st over - 0 runs, 0 hits, 0 errors, 0 left on base; Ogallala 0 - Memphis 0
BOTTOM OF THE 1ST
Memphis Music batting - Pitching for Ogallala Octopi : LHP Miguel Ávila
Pitching: LHP Miguel Ávila
Batting: RHB Ernesto Amézaga 0-0: Called Strike
0-1: Fly out, F5 (Line Drive, 56)
Batting: SHB Ron Wooten 0-0: Called Strike
0-1: DOUBLE (Groundball, 5L)
Batting: RHB Ramón Barbosa 0-0: Foul Ball, location: 2F
0-1: Called Strike
0-2: Foul Ball, location: 2F
0-2: Strikes out swinging
Batting: RHB Clint Morgan 0-0: Ball
1-0: Called Strike
1-1: Called Strike
1-2: Strikes out swinging
Bottom of the 1st over - 0 runs, 1 hit, 0 errors, 1 left on base; Ogallala 0 - Memphis 0
TOP OF THE 2ND
Ogallala Octopi batting - Pitching for Memphis Music : RHP Jon Murillo
Batting: LHB Lauren Hilfiker 0-0: Called Strike
0-1: Foul Ball, location: 2F
0-2: Strikes out swinging
Batting: RHB Isagani Gorre 0-0: Ground out 5-3 (Groundball, 56)
Batting: RHB Anthon Oort 0-0: Called Strike
0-1: SINGLE (Line Drive, 89S)
Batting: RHB Phil van Oosterom 0-0: SINGLE (Groundball, 6MD)
Anthon Oort to second
Runner from 2nd tries for 3rd, SAFE, throw made to third
Batting: RHB Alejandro Cantú 0-0: Ball
1-0: Ball
2-0: SINGLE (Line Drive, 78S)
Anthon Oort scores
Phil van Oosterom to second
Batting: RHB Maverik Buffo 0-0: Called Strike
0-1: Foul Ball, location: 2F
0-2: Fly out, F7 (Line Drive, 7)
Top of the 2nd over - 1 run, 3 hits, 0 errors, 2 left on base; Ogallala 1 - Memphis 0
BOTTOM OF THE 2ND
Memphis Music batting - Pitching for Ogallala Octopi : LHP Miguel Ávila
Batting: LHB Jorge Ortíz 0-0: Swinging Strike
0-1: Ball
1-1: Foul Ball, location: 2F
1-2: Fly out, F1 (Line Drive, 13)
Batting: RHB Pellervo Rintanen 0-0: Ball
1-0: Swinging Strike
1-1: SINGLE (Groundball, 56D)
Batting: RHB Augusto Lucero 0-0: Ball
1-0: Fielders Choice at 2nd, 6-4 (Groundball, 6M)
Batting: RHB Gonzalo Reyes 0-0: Ball
1-0: Ball
2-0: Ball
3-0: Base on Balls
Augusto Lucero to second
Batting: LHB Evan Meertens 0-0: Called Strike
0-1: DOUBLE (Line Drive, 8LXD)
Augusto Lucero scores
Gonzalo Reyes to third
Runner from 3rd tries for Home, SAFE, no throw
Batting: RHB Ernesto Amézaga 0-0: Ball
1-0: Ball
2-0: Foul Ball, location: 2F
2-1: Foul Ball, location: 2F
2-2: Foul Ball, location: 2F
2-2: Fly out, F9 (Flyball, 9)
Bottom of the 2nd over - 2 runs, 2 hits, 0 errors, 1 left on base; Ogallala 1 - Memphis 2
TOP OF THE 3RD
Ogallala Octopi batting - Pitching for Memphis Music : RHP Jon Murillo
Batting: RHB Mike Moss 0-0: Ball
1-0: Ball
2-0: Ball
3-0: Fly out, F7 (Flyball, 7S)
Batting: SHB Jorge Díaz 0-0: Ball
1-0: Ball
2-0: Called Strike
2-1: Foul Ball, location: 2F
2-2: Ball
3-2: SINGLE (Groundball, 6MD)
Batting: SHB Milojica Kordic 0-0: Called Strike
0-1: Fly out, F6 (Line Drive, 6)
Batting: LHB Lauren Hilfiker 0-0: Fly out, F8 (Flyball, 8RD)
Top of the 3rd over - 0 runs, 1 hit, 0 errors, 1 left on base; Ogallala 1 - Memphis 2
BOTTOM OF THE 3RD
Memphis Music batting - Pitching for Ogallala Octopi : LHP Miguel Ávila
Batting: SHB Ron Wooten 0-0: Foul Ball, location: 2F
0-1: Foul Ball, location: 2F
0-2: Strikes out looking
Batting: RHB Ramón Barbosa 0-0: Ball
1-0: Swinging Strike
1-1: Called Strike
1-2: Ground out 1-3 (Groundball, 13)
Batting: RHB Clint Morgan 0-0: Swinging Strike
0-1: Ball
1-1: Ball
2-1: Ball
3-1: Base on Balls
Batting: LHB Jorge Ortíz 0-0: Ball
Wild Pitch!
Clint Morgan to second
1-0: Called Strike
1-1: Swinging Strike
1-2: Strikes out swinging
Bottom of the 3rd over - 0 runs, 0 hits, 0 errors, 1 left on base; Ogallala 1 - Memphis 2
TOP OF THE 4TH
Ogallala Octopi batting - Pitching for Memphis Music : RHP Jon Murillo
Batting: RHB Isagani Gorre 0-0: Ball
1-0: Ball
2-0: Foul Ball, location: 2F
2-1: Ball
3-1: Foul Ball, location: 2F
3-2: Foul Ball, location: 2F
3-2: Fly out, F7 (Flyball, 7LM)
Batting: RHB Anthon Oort 0-0: Ball
1-0: SINGLE (Groundball, 34D)
Batting: RHB Phil van Oosterom 0-0: Called Strike
Anthon Oort steals 2nd base
0-1: Ball
1-1: Swinging Strike
1-2: Foul Ball, location: 2F
1-2: Foul Ball, location: 2F
1-2: Strikes out swinging
Batting: RHB Alejandro Cantú 0-0: Called Strike
0-1: Ball
1-1: Ball
2-1: DOUBLE (Line Drive, 7D)
Anthon Oort scores
Batting: RHB Maverik Buffo 0-0: Foul Ball, location: 2F
0-1: Foul Ball, location: 2F
0-2: Foul Ball, location: 2F
0-2: Fly out, F7 (Flyball, 78S)
Top of the 4th over - 1 run, 2 hits, 0 errors, 1 left on base; Ogallala 2 - Memphis 2
BOTTOM OF THE 4TH
Memphis Music batting - Pitching for Ogallala Octopi : LHP Miguel Ávila
Batting: RHB Pellervo Rintanen 0-0: Called Strike
0-1: Called Strike
0-2: Ball
1-2: Ball
2-2: Ground out 6-3 (Groundball, 56)
Batting: RHB Augusto Lucero 0-0: Foul Ball, location: 2F
0-1: Ground out 1-3 (Groundball, 13)
Batting: RHB Gonzalo Reyes 0-0: Swinging Strike
0-1: Called Strike
0-2: Ball
1-2: Ball
2-2: Ball
3-2: Foul Ball, location: 2F
3-2: Foul Ball, location: 2F
3-2: Strikes out swinging
Bottom of the 4th over - 0 runs, 0 hits, 0 errors, 0 left on base; Ogallala 2 - Memphis 2
TOP OF THE 5TH
Ogallala Octopi batting - Pitching for Memphis Music : RHP Jon Murillo
Batting: RHB Mike Moss 0-0: Called Strike
0-1: Called Strike
0-2: Ball
1-2: Ball
2-2: Ball
3-2: Fly out, F6 (Popup, 6M)
Batting: SHB Jorge Díaz 0-0: Ball
1-0: Ball
2-0: Ball
3-0: Base on Balls
Batting: SHB Milojica Kordic 0-0: Ball
1-0: Ball
2-0: Ball
3-0: Called Strike
3-1: Foul Ball, location: 2F
3-2: Ground out 5-3 (Groundball, 56S)
Jorge Díaz to second
Batting: LHB Lauren Hilfiker 0-0: Ball
1-0: Swinging Strike
1-1: Foul Ball, location: 2F
1-2: Foul Ball, location: 2F
1-2: Foul Ball, location: 2F
1-2: Foul Ball, location: 2F
1-2: Foul Ball, location: 2F
1-2: SINGLE (Flyball, 5D)
Jorge Díaz to third
Runner from 3rd tries for Home, SAFE, throw made home
Batting: RHB Isagani Gorre 0-0: Called Strike
0-1: Ball
1-1: Fly out, F6 (Popup, 4MD)
Top of the 5th over - 1 run, 1 hit, 0 errors, 1 left on base; Ogallala 3 - Memphis 2
BOTTOM OF THE 5TH
Memphis Music batting - Pitching for Ogallala Octopi : LHP Miguel Ávila
Batting: LHB Evan Meertens 0-0: Bunt missed!
0-1: Swinging Strike
0-2: Ball
1-2: Ball
2-2: Foul Ball, location: 2F
2-2: Ground out 5-3 (Groundball, 56)
Batting: RHB Ernesto Amézaga 0-0: Ball
1-0: Ball
2-0: Swinging Strike
2-1: Ball
3-1: Called Strike
3-2: Foul Ball, location: 2F
3-2: Ground out 5-3 (Groundball, 5S)
Batting: SHB Ron Wooten 0-0: Called Strike
0-1: Ball
1-1: Swinging Strike
1-2: Strikes out swinging
Bottom of the 5th over - 0 runs, 0 hits, 0 errors, 0 left on base; Ogallala 3 - Memphis 2
TOP OF THE 6TH
Ogallala Octopi batting - Pitching for Memphis Music : RHP Jon Murillo
Batting: RHB Anthon Oort 0-0: Called Strike
0-1: Ball
1-1: Ball
2-1: Called Strike
2-2: Ball
3-2: Ground out 6-3 (Groundball, 6)
Batting: RHB Phil van Oosterom 0-0: Swinging Strike
0-1: Ball
1-1: Ball
2-1: Swinging Strike
2-2: Foul Ball, location: 2F
2-2: Reached on error, E5 (Groundball, 56)
Batting: RHB Alejandro Cantú 0-0: Called Strike
0-1: Foul Ball, location: 2F
0-2: Foul Ball, location: 2F
0-2: Fly out, F9 (Flyball, 9LMF)
Batting: RHB Maverik Buffo 0-0: Ground out U3 (Groundball, 34S)
Top of the 6th over - 0 runs, 0 hits, 1 error, 1 left on base; Ogallala 3 - Memphis 2
BOTTOM OF THE 6TH
Memphis Music batting - Pitching for Ogallala Octopi : LHP Miguel Ávila
Batting: RHB Ramón Barbosa 0-0: Ball
1-0: DOUBLE (Line Drive, 7LM)
Batting: RHB Clint Morgan 0-0: Called Strike
0-1: Foul Ball, location: 2F
0-2: SINGLE (Groundball, 6MD)
Ramón Barbosa to third
Batting: LHB Jorge Ortíz 0-0: SINGLE (Groundball, 23) (infield hit)
Ramón Barbosa scores
Clint Morgan to second
Batting: RHB Pellervo Rintanen 0-0: Foul Ball, location: 2F
0-1: Foul Ball, location: 2F
0-2: Strikes out looking
Batting: RHB Augusto Lucero 0-0: Foul Ball, location: 2F
0-1: Foul Ball, location: 2F
0-2: Ball
1-2: Ball
2-2: Ground out 5-3 (Groundball, 56S)
Clint Morgan to third
Jorge Ortíz to second
Batting: RHB Gonzalo Reyes 0-0: Ball
1-0: Ball
2-0: Ground out 6-3 (Groundball, 6M)
Bottom of the 6th over - 1 run, 3 hits, 0 errors, 2 left on base; Ogallala 3 - Memphis 3
TOP OF THE 7TH
Ogallala Octopi batting - Pitching for Memphis Music : RHP Jon Murillo
Pinch Hitting: LHB Mauro López 0-0: Fly out, F6 (Flyball, 56D)
Batting: SHB Jorge Díaz 0-0: Ball
1-0: Called Strike
1-1: Foul Ball, location: 2F
1-2: SINGLE (Flyball, 78S)
Batting: SHB Milojica Kordic 0-0: Ball
Jorge Díaz steals 2nd base
1-0: SINGLE (Groundball, 4MD)
Jorge Díaz to third
Runner from 3rd tries for Home, SAFE, throw made home
Milojica Kordic to second
Batting: LHB Lauren Hilfiker 0-0: Intentional Walk
Pitching: RHP Vicente Mota
Batting: RHB Isagani Gorre 0-0: DOUBLE (Line Drive, 9LM)
Milojica Kordic scores
Lauren Hilfiker to third
Runner from 3rd tries for Home, SAFE, no throw
Batting: RHB Anthon Oort 0-0: Ball
1-0: Foul Ball, location: 2F
1-1: Swinging Strike
1-2: Strikes out swinging
Batting: RHB Phil van Oosterom 0-0: Ball
1-0: Swinging Strike
1-1: Ball
2-1: Swinging Strike
2-2: Fly out, F8 (Flyball, 8LM)
Top of the 7th over - 3 runs, 3 hits, 0 errors, 1 left on base; Ogallala 6 - Memphis 3
BOTTOM OF THE 7TH
Memphis Music batting - Pitching for Ogallala Octopi : LHP Miguel Ávila
Now in RF: Mauro López
Batting: LHB Evan Meertens 0-0: Ball
1-0: SINGLE (Line Drive, 8LS)
Pitching: RHP Ángel Herrera
Batting: RHB Ernesto Amézaga 0-0: Ball
1-0: Ball
2-0: Foul Ball, location: 2F
2-1: Called Strike
2-2: Foul Ball, location: 2F
2-2: Strikes out swinging
Batting: SHB Ron Wooten 0-0: Ball
1-0: Ball
2-0: Called Strike
2-1: Foul Ball, location: 2F
2-2: Strikes out swinging
Batting: RHB Ramón Barbosa 0-0: Ball
1-0: Ball
2-0: Called Strike
Throwing error on steal attempt, E2
Evan Meertens to third
2-1: Ball
3-1: Swinging Strike
3-2: SINGLE (Line Drive, 6M)
Evan Meertens scores
Batting: RHB Clint Morgan 0-0: Foul Ball, location: 2F
0-1: Foul Ball, location: 2F
0-2: Foul Ball, location: 2F
0-2: Strikes out swinging
Bottom of the 7th over - 1 run, 2 hits, 1 error, 1 left on base; Ogallala 6 - Memphis 4
TOP OF THE 8TH
Ogallala Octopi batting - Pitching for Memphis Music : RHP Vicente Mota
Batting: RHB Alejandro Cantú 0-0: Ball
1-0: Ball
2-0: Ball
3-0: Called Strike
3-1: Called Strike
3-2: Foul Ball, location: 2F
3-2: Fly out, F6 (Popup, 6)
Batting: RHB Maverik Buffo 0-0: Called Strike
0-1: Ball
1-1: Ball
2-1: Ball
3-1: Called Strike
3-2: Foul Ball, location: 2F
3-2: Base on Balls
Batting: LHB Mauro López 0-0: Ball
1-0: Called Strike
1-1: Swinging Strike
1-2: Ball
2-2: Ball
3-2: Fielders Choice at 2nd, 6-4 (Groundball, 6)
Batting: SHB Jorge Díaz 0-0: Fly out, F5 (Popup, 5SF)
Top of the 8th over - 0 runs, 0 hits, 0 errors, 1 left on base; Ogallala 6 - Memphis 4
BOTTOM OF THE 8TH
Memphis Music batting - Pitching for Ogallala Octopi : RHP Ángel Herrera
Batting: LHB Jorge Ortíz 0-0: Ball
1-0: Ground out 6-3 (Groundball, 6)
Batting: RHB Pellervo Rintanen 0-0: Ball
1-0: Swinging Strike
1-1: Ball
2-1: Foul Ball, location: 2F
2-2: Foul Ball, location: 2F
2-2: Strikes out swinging
Batting: RHB Augusto Lucero 0-0: Called Strike
0-1: Called Strike
0-2: SINGLE (Line Drive, 3)
Batting: RHB Gonzalo Reyes 0-0: Foul Ball, location: 2F
0-1: Ball
1-1: Ball
Wild Pitch!
Augusto Lucero to second
2-1: Foul Ball, location: 2F
2-2: Ball
3-2: Strikes out looking
Bottom of the 8th over - 0 runs, 1 hit, 0 errors, 1 left on base; Ogallala 6 - Memphis 4
TOP OF THE 9TH
Ogallala Octopi batting - Pitching for Memphis Music : RHP Vicente Mota
Pitching: LHP Brant Mielke
Batting: SHB Milojica Kordic 0-0: Ball
1-0: Called Strike
1-1: Ball
2-1: Ball
3-1: Called Strike
3-2: Foul Ball, location: 2F
3-2: Foul Ball, location: 2F
3-2: Foul Ball, location: 2F
3-2: Foul Ball, location: 2F
3-2: Ground out U3 (Groundball, 23)
Batting: LHB Lauren Hilfiker 0-0: SINGLE (Line Drive, 4M)
Batting: RHB Isagani Gorre 0-0: Foul Ball, location: 2F
0-1: Ball
1-1: Ball
2-1: Swinging Strike
2-2: Foul Ball, location: 2F
2-2: Strikes out swinging
Batting: RHB Anthon Oort 0-0: 2-RUN HOME RUN (Flyball, 7LD), Distance : 383 ft
Batting: RHB Phil van Oosterom 0-0: Ball
1-0: Swinging Strike
1-1: Ball
2-1: Foul Ball, location: 2F
2-2: Foul Ball, location: 2F
2-2: Ball
3-2: SINGLE (Line Drive, 78S)
Batting: RHB Alejandro Cantú 0-0: Called Strike
0-1: Ball
1-1: Foul Ball, location: 2F
1-2: Fielders Choice at 2nd, 6-4 (Groundball, 6)
Top of the 9th over - 2 runs, 3 hits, 0 errors, 1 left on base; Ogallala 8 - Memphis 4
BOTTOM OF THE 9TH
Memphis Music batting - Pitching for Ogallala Octopi : RHP Ángel Herrera
Batting: LHB Evan Meertens 0-0: Ball
1-0: Ball
2-0: Fly out, F8 (Flyball, 8LM)
Batting: RHB Ernesto Amézaga 0-0: Called Strike
0-1: Foul Ball, location: 2F
0-2: DOUBLE (Flyball, 89XD)
Pitching: RHP Mbaye Hane
Batting: SHB Ron Wooten 0-0: Ball
1-0: Ball
2-0: Called Strike
2-1: Foul Ball, location: 2F
2-2: Ball
3-2: Foul Ball, location: 2F
3-2: Ground out 4-3 (Groundball, 4M)
Ernesto Amézaga to third
Batting: RHB Ramón Barbosa 0-0: Swinging Strike
0-1: Ball
1-1: Swinging Strike
1-2: Foul Ball, location: 2F
1-2: SINGLE (Groundball, 6MD)
Ernesto Amézaga scores
Batting: RHB Clint Morgan 0-0: Swinging Strike
0-1: Ball
1-1: Swinging Strike
1-2: Foul Ball, location: 2F
1-2: Strikes out looking
Bottom of the 9th over - 1 run, 2 hits, 0 errors, 1 left on base; Ogallala 8 - Memphis 5
Saturday, December 22nd, 2018 - OOTP Baseball 18.8 Build 76